 Dungeon Crawl Stone Soup version 0.22.0-78-g6c94d2c (webtiles) character file.

44 Starchild the Shield-Bearer (level 3, 0/29 HPs)
             Began as a Formicid Fighter on Sept 16, 2018.
             Slain by a goblin
             ... wielding a +0 club
              (1 damage)
             ... on level 3 of the Dungeon.
             The game lasted 00:03:35 (1189 turns).

Starchild the Shield-Bearer (Formicid Fighter)      Turns: 1189, Time: 00:03:37

Health: 0/29       AC:  6    Str: 20    XL:     3   Next: 85%
Magic:  3/3        EV:  8    Int:  7    God:
Gold:   82         SH:  9    Dex: 11    Spells: 2/2 levels left

rFire    . . .     SeeInvis +   a - +0 long sword
rCold    . . .     Gourm    .   c - +0 shield
rNeg     . . .     Faith    .   b - +0 scale mail
rPois    .         Spirit   .   (helmet unavailable)
rElec    .         Reflect  .   (no cloak)
rCorr    .         Harm     .   (no gloves)
MR       .....                  (no boots)
Stlth    ..........             (no amulet)
HPRegen  0.09/turn              (no ring)
MPRegen  0.08/turn              (no ring)

@: no status effects
A: permanent stasis, dig shafts and tunnels, four strong arms, antennae 3
a: Dig, Shaft Self


You were on level 3 of the Dungeon.
You were not hungry.

You visited 1 branch of the dungeon, and saw 3 of its levels.

You collected 82 gold pieces.

Inventory:

Hand Weapons
 a - a +0 long sword (weapon)
Missiles
 g - 53 stones
 k - 8 silver javelins (quivered)
Armour
 b - a +0 scale mail (worn)
 c - a +0 shield (worn)
Scrolls
 e - a scroll of amnesia {unknown}
 i - 2 scrolls of remove curse {unknown}
 j - a scroll of identify
 l - a scroll of enchant weapon {unknown}
 m - a scroll of fear {unknown}
 o - a scroll of teleportation {unknown}
Potions
 d - a potion of might
 h - 2 potions of curing
 n - 2 potions of heal wounds
Comestibles
 f - 6 rations


   Skills:
 - Level 3.2 Fighting
 * Level 3.3 Long Blades
 - Level 3.2 Armour
 + Level 4.3 Shields


You had 2 spell levels left.
You didn't know any spells.
Your spell library was empty.

Dungeon Overview and Level Annotations

Branches:
Dungeon (3/15)

Altars:


Innate Abilities, Weirdness & Mutations

You cannot be hasted, slowed, berserked, paralysed or teleported.
You can dig through walls and to a lower floor.
Your four strong arms can wield two-handed weapons with a shield.
You have a pair of large antennae on your head. (SInv)


Message History

You hit the orc.
You kill the orc!
You block the orc's attack. The goblin barely misses you.
Things that are here:
a club; a leather armour; an orc corpse You closely miss the goblin.
You block the goblin's attack.
You closely miss the goblin. The goblin hits you but does no damage.
You slash the goblin!
You kill the goblin!
You block the orc's attack.
Your shield prevents you from hitting the orc.
The goblin hits you with a club. The orc hits you with a war axe!
You hit the orc.
The orc is lightly wounded.
The goblin hits you with a club.
* * * LOW HITPOINT WARNING * * *
The orc hits you with a war axe.
* * * LOW HITPOINT WARNING * * *
The goblin hits you with a club.
You die...

.. ##########.# #.# ...
#........#.# #.# .....
#.#..###.#.# ##.## #.#
#....#####.#..#...#.# #.... ...
..............#.###.# #..## ....
............>#.....#####..# ...
...#....................# #
#.#####.#....##g.............#
#.#............o@..............#
..............###..#........^..#
#...)††..........<.#...........#
.......$...........#.########.[#
...........######..#+# ##..#
##########..# .... ###.... ##.#
.... ......## ..# .... #.... #.#
#.#<.


You could see an orc and a goblin.

Vanquished Creatures
  2 dart slugs (D:1)
  A leopard gecko (D:1)
  2 orcs (D:3)
  A ball python (D:1)
  4 goblins
  3 hobgoblins
  3 jackals (D:1)
  6 kobolds
  3 bats (D:1)
  6 frilled lizards
  6 rats
37 creatures vanquished.

Notes
Turn   | Place    | Note
-------+----------+-------------------------------------------
     0 | D:1      | Starchild the Formicid Fighter began the quest for the Orb.
     0 | D:1      | Reached XP level 1. HP: 18/18 MP: 1/1
   192 | D:1      | Reached XP level 2. HP: 20/24 MP: 2/2
   210 | D:1      | Reached skill level 4 in Shields
   488 | D:1      | Reached XP level 3. HP: 28/29 MP: 3/3
   811 | D:2      | Found a faded altar of an unknown god.
  1189 | D:3      | HP: 1/29 [orc/war axe (3)]
  1189 | D:3      | Slain by a goblin

Skill      XL: |  1  2  3 |
---------------+----------+-----
Shields        | 4 |  4.3
Long Blades    | 3 |  3.3
Fighting       | |  3.2
Armour         | |  3.2

Action                   || total
-------------------------++-------
Melee: Long sword        ||   101
 Abil: Dig               ||     1
  Use: Scroll            ||     2
  Eat: Chunk             ||     1
Armor: Scale mail        ||    44
Dodge: Dodged            ||    34
Block: Shield            ||    61
       Rpst.: Long sword ||     9
